 Dungeon Crawl Stone Soup version 0.30.1-3-gfc49f6343a (webtiles) character file.

Game seed: 16305658872615769616

23867 Destapler the Severer (level 12, -8/118 HPs)
             Began as a Minotaur Monk on July 30, 2023.
             Was the Champion of Dithmenos.
             Mangled by a stone giant (28 damage)
             ... on level 12 of the Dungeon.
             The game lasted 00:42:37 (11436 turns).

Destapler the Severer (Minotaur Monk)              Turns: 11436, Time: 00:42:37

Health: -8/118     AC: 19    Str: 21    XL:     12   Next: 75%
Magic:  17/17      EV: 21    Int:  7    God:    Dithmenos [******]
Gold:   887        SH:  0    Dex: 21    Spells: 11/11 levels left

rFire   x . .        a - +5 battleaxe (freeze)
rCold   . . .        (shield currently unavailable)
rNeg    . . .        E - +2 ring mail of Soegoo {Will+ Str+4}
rPois   +            (helmet restricted)
rElec   .            q - +1 cloak
rCorr   .            l - +0 pair of gloves
SInv    .            v - +2 pair of boots {Fly}
Will    +....        F - amulet of Honoroto {Acrobat Rampage rPois rF- Dex+4}
Stlth   ++           c - +4 ring of protection
HPRegen 0.39/turn    p - +5 ring of evasion
MPRegen 0.15/turn

%: acrobat, rampage
@: on berserk cooldown, flying, slowed, wreathed by umbra, very slow
A: horns 2, retaliatory headbutt
a: Renounce Religion, Shadow Step, Shadow Form


You were on level 12 of the Dungeon.
You worshipped Dithmenos.
Dithmenos was exalted by your worship.
You visited 1 branch of the dungeon, and saw 12 of its levels.
You also visited: Bailey.

You collected 993 gold pieces.
You spent 106 gold pieces at shops.

Inventory:

Hand Weapons
 a - a +5 battleaxe of freezing (weapon)
 m - a +0 hand axe
Missiles
 M - 2 throwing nets
Armour
 d - +0 fire dragon scales
 l - a +0 pair of gloves (worn)
 n - a +0 robe of fire resistance
 q - a +1 cloak (worn)
 v - a +2 pair of boots of flying (worn)
 E - the +2 ring mail of Soegoo (worn) {Will+ Str+4}
   (You found it on level 7 of the Dungeon)

   Str:       It affects your strength (+4).
   Will:      It increases your willpower.
 G - +0 ice dragon scales
 I - a +0 pair of boots
Jewellery
 c - a +4 ring of protection (left hand)
 p - a +5 ring of evasion (right hand)
 t - a ring of resist corrosion
 F - the amulet of Honoroto (around neck) {Acrobat Rampage rPois rF- Dex+4}
   (You found it on level 7 of the Dungeon)

   [amulet of the acrobat]

   It increases your evasion while moving and waiting.
   Dex:       It affects your dexterity (+4).
   rF:        It makes you vulnerable to fire.
   rPois:     It protects you from poison.
   Rampage:   It bestows one free step when moving towards enemies.
 H - a +6 ring of dexterity
 P - a +5 ring of evasion
 R - a ring of positive energy
 S - a ring of protection from cold
Wands
 g - a wand of paralysis (9)
 w - a wand of flame (38)
 C - a wand of acid (7)
 N - a wand of iceblast (4) (quivered)
Scrolls
 f - 5 scrolls of poison
 i - a scroll of fear
 k - 3 scrolls of silence
 o - 3 scrolls of vulnerability
 r - 2 scrolls of amnesia
 s - 12 scrolls of teleportation
 y - 2 scrolls of enchant armour
 A - a scroll of identify
 B - 2 scrolls of magic mapping
 D - 2 scrolls of noise {unknown}
Potions
 b - 2 potions of lignification
 e - a potion of berserk rage
 h - 3 potions of might
 j - 2 potions of mutation
 u - 3 potions of curing
 x - 2 potions of haste
 J - a potion of resistance {unknown}
 K - 2 potions of brilliance
 L - 2 potions of heal wounds {unknown}
 O - 3 potions of attraction
 Q - a potion of flight


   Skills:
 + Level 14.9 Fighting
 - Level 15.0 Axes
 - Level 8.0 Armour
 - Level 8.0 Dodging
 - Level 8.0 Invocations
 - Level 4.0 Evocations


You had 11 spell levels left.
You didn't know any spells.
Your spell library contained the following spells:

 Spells                   Type           Power      Damage    Failure   Level
 Beastly Appendage        Tmut           0%         N/A       56%         1
 Magic Dart               Conj           0%         1d3       56%         1
 Blink                    Tloc           0%         N/A       71%         2
 Ensorcelled Hibernation  Hex/Ice        0%         N/A       71%         2
 Searing Ray              Conj           0%         2d4       71%         2
 Wereblood                Tmut           0%         N/A       71%         2
 Call Canine Familiar     Summ           0%         N/A       91%         3
 Dazzling Flash           Conj/Hex       0%         N/A       91%         3
 Ignite Poison            Fire/Tmut/Pois 0%         N/A       91%         3
 Portal Projectile        Hex/Tloc       0%         N/A       91%         3
 Spider Form              Tmut/Pois      0%         N/A       91%         3
 Volatile Blastmotes      Fire/Tloc      0%         2d10      91%         3
 Anguish                  Hex/Necr       0%         N/A       100%        4
 Fulminant Prism          Conj/Hex       0%         3d5       100%        4
 Iskenderun's Mystic Bla  Conj/Tloc      0%         2d3       100%        4
 Leda's Liquefaction      Hex/Erth       0%         N/A       100%        4
 Manifold Assault         Tloc           0%         N/A       100%        4
 Sticky Flame             Conj/Fire      0%         2d3       100%        4
 Starburst                Conj/Fire      0%         6d3       100%        6
 Storm Form               Tmut/Air       0%         N/A       100%        7
 Ignition                 Fire           0%         3d3       100%        8


Dungeon Overview and Level Annotations

Branches:
Dungeon (12/15)            Temple (0/1) D:6            Lair (0/5) D:9
    Orc (0/2) D:12         Bailey (visited)

Altars:
Ashenzari
Cheibriados
Dithmenos
Elyvilon
Kikubaaqudgha
Nemelex Xobeh
Qazlal
Xom

Shops:
D:4 *   D:11 :


Innate Abilities, Weirdness & Mutations

You have a pair of horns on your head.
You reflexively headbutt those who attack you in melee.


Message History

You headbutt the catoblepas.
The catoblepas is severely wounded.
Unknown command.
You hit the catoblepas but do no damage.
The catoblepas is severely wounded.
The catoblepas breathes a plume of calcifying dust at you.
The blast of calcifying dust hits you but does no damage.
Unknown command.
The catoblepas breathes a plume of calcifying dust at you.
The blast of calcifying dust hits you but does no damage.
Unknown command.
You feel a strong urge to attack something.
You feel your anger nearly subside.
You are no longer berserk.
You are exhausted.
You feel yourself slow down.
You slash the catoblepas! You freeze the catoblepas.
You headbutt the catoblepas!
You kill the catoblepas!
Dithmenos accepts your kill.
You start resting.
The stone giant barely misses you. You furiously retaliate!
You headbutt the stone giant! You barely miss the stone giant.
The stone giant is lightly wounded.
The stone giant hits you!!
* * * LOW HITPOINT WARNING * * *
Okay, then.
Blink to where?
Press: ? - help, Dir - move target
As you read the scroll of blinking, it crumbles to dust.
The stone giant throws a large rock.
The large rock completely misses you.
The yak bellows!
Okay, then.
As you read the scroll of identify, it crumbles to dust.
O - 3 potions of attraction
Okay, then.
As you read the scroll of identify, it crumbles to dust.
b - 2 potions of lignification The stone giant misses you.
You furiously retaliate!
You headbutt the stone giant! The stone giant hits you!!
You die...

###### ########### #
##....###....##.##. ##.
##..)†..#.....##.##.
#...#...)#.....#........
#...#...################
#..###..#### ... ##
#..###:.. ... #...##)...
#.. ##.@#[|.♣.#####
#..C##|....#..## #
#..###:...T....## .#
#..###.[# #........#...
#...#...#########...#...
#...#...C.....()....#...
##. ##...##C♣§##...## #
# ##...#.†)#...##
#############


You could see a stone giant.

Vanquished Creatures
  A stone giant (D:12)
  Harold (D:9)
  An ice dragon (D:9)
  A centaur warrior (D:12)
  2 two-headed ogres
  A catoblepas (D:12)
  A tengu warrior (D:12)
  2 deep troll earth magi (D:12)
  2 orc knights (Bailey)
  A phantasmal warrior (D:12)
  A deep elf pyromancer (D:12)
  A manticore (D:11)
  2 cyclopes
  A komodo dragon (D:11)
  A rime drake (D:9)
  A kobold demonologist (D:11)
  A tengu conjurer (D:12)
  A freezing wraith (D:12)
  3 polar bears (D:9)
  Grinder (D:3)
  2 trolls
  9 slime creatures (D:12)
  2 shadows
  A wraith (D:12)
  27 yaks
  2 steam dragons (D:8)
  5 vampire mosquitoes
  Menkaure (D:5)
  An acid dragon (D:6)
  2 sky beasts
  3 ice beasts
  8 orc warriors
  An ogre (D:5)
  3 black bears (D:7)
  2 wolves (D:9)
  4 centaurs
  A phantom (D:6)
  5 bullfrogs
  5 kobold brigands
  2 gnoll sergeants
  8 scorpions
  12 wights
  5 killer bees (D:6)
  An electric eel (D:7)
  6 howler monkeys
  2 sleepcaps
  A gnoll bouda (D:5)
  8 orc priests
  3 hounds
  A jelly (D:4)
  12 orc wizards
  Robin (D:2)
  7 adders
  12 gnolls
  A shadow imp (D:7)
  2 white imps
  4 worms
  3 dart slugs
  46 orcs
  5 bats (D:2)
  3 endoplasms
  3 giant cockroaches (D:1)
  6 hobgoblins
  4 jackals
  34 kobolds
  3 quokkas
  4 ball pythons
  3 frilled lizards
  19 goblins
  3 rats
334 creatures vanquished.

Vanquished Creatures (others)
  2 hounds (D:7)
  An orc (D:7)
  A kobold (D:8)
4 creatures vanquished.

Grand Total: 338 creatures vanquished

Notes
Turn   | Place    | Note
-------+----------+-------------------------------------------
     0 | D:1      | Destapler the Minotaur Monk began the quest for the Orb.
     0 | D:1      | Reached XP level 1. HP: 19/19 MP: 0/0
   146 | D:1      | Found a faded altar of an unknown god.
   168 | D:1      | Prayed at the altar of an unknown god.
   168 | D:1      | Became a worshipper of Dithmenos the Shadowed
   168 | D:1      | Reached * piety under Dithmenos
   168 | D:1      | Reached ** piety under Dithmenos
   359 | D:1      | Reached XP level 2. HP: 27/27 MP: 1/1
   583 | D:1      | Reached *** piety under Dithmenos
   794 | D:1      | Reached skill level 1 in Armour
  1113 | D:2      | Reached skill level 4 in Axes
  1113 | D:2      | Reached skill level 1 in Invocations
  1113 | D:2      | Reached XP level 3. HP: 33/33 MP: 2/2
  1212 | D:2      | Noticed Robin
  1237 | D:2      | Killed Robin
  1369 | D:2      | Reached XP level 4. HP: 40/40 MP: 3/3
  1708 | D:3      | Noticed a scorpion
  1710 | D:3      | Noticed Grinder
  1717 | D:3      | Killed Grinder
  1717 | D:3      | Killed a scorpion
  1718 | D:3      | Reached skill level 5 in Fighting
  1718 | D:3      | Reached skill level 5 in Axes
  1718 | D:3      | Reached XP level 5. HP: 48/48 MP: 4/6
  1718 | D:3      | Reached XP level 6. HP: 56/56 MP: 4/7
  1750 | D:3      | Reached **** piety under Dithmenos
  2352 | D:4      | Found Atuchi's Assorted Antiques.
  2356 | D:4      | Bought a blue potion for 17 gold pieces
  2356 | D:4      | Bought a sedimented coppery potion for 17 gold pieces
  2356 | D:4      | Bought 2 blue potions for 34 gold pieces
  2356 | D:4      | Bought a scroll labelled NIUDICEOLA for 19 gold pieces
  2356 | D:4      | Bought a scroll labelled XEMOIVUPAY for 19 gold pieces
  2443 | D:4      | Found an ancient bone altar of Kikubaaqudgha.
  3186 | D:5      | Entered Level 5 of the Dungeon
  3253 | D:4      | Reached XP level 7. HP: 48/61 MP: 8/8
  3428 | D:5      | Noticed Menkaure
  3493 | D:5      | Killed Menkaure
  3538 | D:5      | Reached skill level 6 in Axes
  4390 | D:5      | Reached skill level 7 in Axes
  4551 | D:6      | Reached XP level 8. HP: 38/73 MP: 10/10
  4783 | D:6      | Reached ***** piety under Dithmenos
  4960 | D:6      | Reached skill level 8 in Axes
  4999 | D:6      | Reached skill level 1 in Evocations
  5186 | D:6      | Found a staircase to the Ecumenical Temple.
  5591 | D:7      | Reached XP level 9. HP: 50/82 MP: 11/11
  5706 | D:7      | Noticed a troll
  5710 | D:7      | Noticed a cyclops
  5714 | D:7      | Reached skill level 9 in Axes
  5716 | D:7      | Noticed a two-headed ogre
  5720 | D:7      | Killed a troll
  5732 | D:7      | Killed a two-headed ogre
  5733 | D:7      | Reached skill level 10 in Fighting
  5733 | D:7      | Reached skill level 10 in Axes
  5936 | D:7      | Reached skill level 5 in Armour
  5943 | D:7      | Reached skill level 5 in Dodging
  6159 | D:7      | Identified the +2 ring mail of Soegoo {Will+ Str+4}
  6177 | D:7      | Identified the amulet of Honoroto {Acrobat Rampage rPois
                  | rF- Dex+4}
  6239 | D:7      | Found a broken altar of Ashenzari.
  6433 | D:7      | Killed a cyclops
  6434 | D:7      | Reached XP level 10. HP: 93/93 MP: 12/12
  6567 | D:7      | Found a snail-covered altar of Cheibriados.
  6723 | D:7      | Found a white marble altar of Elyvilon.
  6906 | D:8      | Noticed a centaur warrior
  6950 | D:8      | Found a shimmering altar of Xom.
  7034 | D:8      | Found a sparkling altar of Nemelex Xobeh.
  7765 | D:9      | Reached skill level 11 in Axes
  7841 | D:9      | Noticed Harold
  7851 | D:9      | Killed Harold
  7852 | D:9      | Reached skill level 5 in Invocations
  7852 | D:9      | Reached XP level 11. HP: 101/101 MP: 13/13
  7877 | D:9      | Found a staircase to the Lair.
  7993 | D:9      | Reached skill level 12 in Axes
  8449 | D:9      | Noticed an ice dragon
  8488 | D:9      | Killed an ice dragon
  9026 | D:10     | Entered Level 10 of the Dungeon
  9124 | D:10     | Found a flagged portal.
  9129 | Bailey   | Entered a bailey
  9201 | Bailey   | Noticed an orc knight
  9307 | Bailey   | Noticed an orc knight
  9317 | Bailey   | Killed an orc knight
  9318 | Bailey   | Reached skill level 13 in Axes
  9353 | Bailey   | Killed an orc knight
  9511 | D:10     | Found a stormy altar of Qazlal.
 10272 | D:11     | Noticed a two-headed ogre
 10272 | D:11     | Found Pimizeg's Book Shoppe.
 10277 | D:11     | Killed a two-headed ogre
 10468 | D:11     | Reached skill level 14 in Axes
 10468 | D:11     | Reached XP level 12. HP: 112/112 MP: 16/16
 10900 | D:12     | Found a staircase to the Orcish Mines.
 11069 | D:12     | Reached skill level 15 in Axes
 11069 | D:12     | Noticed a centaur warrior
 11075 | D:12     | Killed a centaur warrior
 11136 | D:12     | Noticed a stone giant
 11136 | D:12     | Noticed a deep troll earth mage
 11145 | D:12     | Killed a deep troll earth mage
 11147 | D:12     | Reached ****** piety under Dithmenos
 11269 | D:12     | Killed a stone giant
 11401 | D:12     | Noticed a tengu warrior
 11401 | D:12     | Noticed a deep troll earth mage
 11401 | D:12     | Found the +7 mace of Variability {chaos, chaos arc}
 11402 | D:12     | Noticed a stone giant
 11415 | D:12     | Killed a deep troll earth mage
 11415 | D:12     | Noticed a catoblepas
 11418 | D:12     | Killed a tengu warrior
 11427 | D:12     | Killed a catoblepas
 11430 | D:12     | Noticed a boulder beetle
 11436 | D:12     | Mangled by a stone giant

Illustrated notes

Levels and vault maps discovered:
D:1:      dpeg_arrival_boxorama, layout_loops_ring, basic_ecumenical_altar,
          minmay_misc_feat_chi
D:2:      layout_rooms, kennysheep_generic_room_7, uniq_robin
D:3:      layout_basic, dreamdust_princess_bridge, uniq_grinder
D:4:      layout_basic, mainiacjoe_overflow_paths, serial_shops,
          nicolae_shop_back_alley_shop
D:5:      layout_loops_cross, st_stairs_7, uniq_menkaure
D:6:      layout_basic, minmay_temple_entry_glassed_door
D:7:      nzn_winding_woodlands_medium [nzn_winding_woodlands_5x5_open_star,
          nzn_winding_woodlands_5x15_river_crossing,
          nzn_winding_woodlands_hourglass, nzn_winding_woodlands_5x5_default,
          nzn_winding_woodlands_center_garden, nzn_winding_woodlands_5x5_cross,
          nzn_winding_woodlands_5x5_default, nzn_winding_woodlands_5x15_pool,
          nzn_winding_woodlands_5x5_default], layout_cave_pools,
          mainiacjoe_overflow_24_doors, nicolae_ashenzari_skybound,
          nicolae_elyvilon_temple_path
D:8:      layout_basic, mainiacjoe_overflow_tiny_flanked, amcnicky_altar_gilded,
          nrook_uturn, lightli_corner_chamber
D:9:      dragon1_lemuel, layout_layer_cave, hellmonk_lair_entry_icy,
          kennysheep_generic_room_15, uniq_harold
D:10:     layout_loops_ring, mainiacjoe_overflow_small_starburst,
          enter_bailey_3, kennysheep_diamond
D:11:     layout_irregular_city, serial_shops, shop
D:12:     minmay_tile_spiral, layout_cave_pools, orc_0_dummy,
          ploomutoo_gammafunk_ghost_potion_laboratory

Skill      XL: |  1  2  3  4  5  6  7  8  9 10 11 12 |
---------------+-------------------------------------+-----
Armour         | 1 3 4 7 8 |  8.0
Fighting       | 4 5 7 8 10 12 14 | 14.9
Axes           | 4 5 7 8 10 11 14 15 | 15.0
Invocations    | 1 3 4 5 7 8 |  8.0
Dodging        | 4 6 8 |  8.0
Evocations     | 3 4 |  4.0

Action                     |  1- 3 |  4- 6 |  7- 9 | 10-12 || total
---------------------------+-------+-------+-------+-------++-------
  Melee: Hand axe          |    88 |    80 |   269 |    31 ||   468
         Headbutt          |    15 |    14 |    60 |    82 ||   171
         Battleaxe         |       |       |       |   322 ||   322
 Invoke: Shadow Step       |       |       |     1 |     3 ||     4
    Use: Potion            |     1 |     1 |     2 |     2 ||     6
         Scroll            |       |     3 |     3 |    16 ||    22
   Stab: Invisible         |       |       |     7 |       ||     7
         Sleeping          |       |       |       |     6 ||     6
 Armour: Ring mail         |    26 |    23 |   104 |    86 ||   239
         Robe              |     5 |       |       |       ||     5
  Dodge: Dodged            |    81 |    55 |   308 |   378 ||   822
